 Dungeon Crawl Stone Soup version 0.30-a0-643-g638baaf3f0 (console) character file.

Game seed: 17081842362867930987

711 Ignak the Ogre Mage (level 7, -4/66 HPs)
             Began as an Ogre Hedge Wizard on Jan 16, 2023.
             Slain by a gnoll
             ... wielding a +0 spear
             ... led by a gnoll bouda
              (6 damage)
             ... on level 7 of the Dungeon.
             The game lasted 00:12:29 (4633 turns).

Ignak the Ogre Mage (Ogre Hedge Wizard)             Turns: 4633, Time: 00:12:30

Health: -4/66      AC:  4    Str: 14 (17) XL:     7   Next: 68%
Magic:  12/13      EV: 10    Int: 13 (15) God:
Gold:   173        SH:  0    Dex:  7 (8)  Spells: 7/14 levels left

rFire   . . .      SeeInvis .    s - +2 quarterstaff (chaos)
rCold   . . .      Faith    .    (shield currently unavailable)
rNeg    . . .      Spirit   .    b - +0 robe
rPois   .          Reflect  .    c - +0 hat
rElec   .          Harm     .    i - +0 cloak
rCorr   .          Rampage  .    (gloves unavailable)
Will    .....                    (boots unavailable)
Stlth   ++                       a - amulet of magic regeneration
HPRegen 0.31/turn                k - ring of wizardry
MPRegen 0.53/turn                x - ring of flight

@: about to teleport, on blink cooldown, flying
A: large, unfitting armour, tough skin 1
a: no special abilities


You were on level 7 of the Dungeon.
You visited 1 branch of the dungeon, and saw 5 of its levels.

You collected 173 gold pieces.

Inventory:

Hand Weapons
 r - a +0 hand axe
 s - a +2 quarterstaff of chaos (weapon)
Missiles
 q - 8 poisoned darts (quivered)
Armour
 b - a +0 robe (worn)
 c - a +0 hat (worn)
 i - a +0 cloak (worn)
Jewellery
 a - an amulet of magic regeneration (around neck)
 k - a ring of wizardry (left hand)
 v - an amulet of faith
 x - a ring of flight (right hand)
Scrolls
 e - 4 scrolls of teleportation
 f - 2 scrolls of vulnerability {unknown}
 j - a scroll of silence {unknown}
 m - 4 scrolls of identify {unknown}
 n - 2 scrolls of amnesia {unknown}
 p - a scroll of immolation {unknown}
 u - a scroll of torment {unknown}
 y - a scroll of noise {unknown}
Potions
 d - a potion of magic
 g - a potion of degeneration
 h - a potion of brilliance {unknown}
 l - a potion of invisibility {unknown}
 o - a potion of curing {unknown}
 t - 3 potions of haste
 w - a potion of attraction {unknown}


   Skills:
 + Level 2.9 Fighting
 * Level 2.4(2.5) Axes
 - Level 0.8(1.6) Maces & Flails
 + Level 1.4 Armour
 + Level 2.7 Dodging
 - Level 2.1 Stealth
 - Level 1.0 Unarmed Combat
 + Level 4.2 Spellcasting
 + Level 1.9 Conjurations
 - Level 1.4 Summonings
 + Level 2.0 Translocations
 * Level 2.5 Ice Magic
 + Level 1.6 Air Magic
 + Level 1.6 Poison Magic


You had 7 spell levels left.
You knew the following spells:

 Your Spells              Type           Power      Damage    Failure   Level
a - Magic Dart            Conj           28%        1d4       3%          1
b - Blink                 Tloc           16%        N/A       5%          2
d - Mephitic Cloud        Conj/Pois/Air  7%         N/A       12%         3
f - Freeze                Ice            36%        1d5       3%          1

Your spell library contained the following spells:

 Spells                   Type           Power      Damage    Failure   Level
 Lesser Beckoning         Tloc           16%        N/A       5%          2
 Momentum Strike          Conj/Tloc      14%        3d8       6%          2
 Call Imp                 Summ           6%         N/A       7%          2
 Slow                     Hex            8%         N/A       9%          1
 Cigotuvi's Dreadful Rot  Necr/Pois/Air  10%        N/A       9%          2
 Freezing Cloud           Conj/Ice/Air   4%         6-21      65%         5
 Polar Vortex             Ice            4%         N/A       100%        9


Dungeon Overview and Level Annotations

Branches:
Dungeon (4/15)
 Temple: D:4-7

Altars:
Fedhas
Hepliaklqana
Qazlal
Yredelemnul


Innate Abilities, Weirdness & Mutations

You are too large for most types of armour.
You have tough skin. (AC +1)


Message History

The gnoll hits you with a +0 flail.
* * * LOW HITPOINT WARNING * * *
You hit the gnoll. You freeze the gnoll.
The gnoll is moderately wounded.
The lemure closely misses the gnoll.
The lemure closely misses itself.
The gnoll completely misses you.
Press: ? - help, v - describe, . - travel
Here: a gnoll, wielding a +0 flail (moderately wounded, covering ground quickly)
The floor, spattered with blood.
You aren't carrying any items that you can evoke.
Press: ? - help, v - describe, . - travel
Here: a gnoll, wielding a +0 flail (moderately wounded, covering ground quickly)
The floor.
You hit the gnoll but do no damage.
The gnoll is poisoned.
The gnoll is moderately wounded.
The lemure hits the gnoll bouda.
The gnoll hits you with a +0 flail.
* * * LOW HITPOINT WARNING * * *
A gnoll comes into view. It is wielding a +0 spear.
The lemure hits the gnoll bouda but does no damage.
Casting: Mephitic Cloud (dangerous; 11% risk of failure)
Confirm with . or Enter, or press ? or * to list all spells.
You blink. 2 gnolls come into view.
The lemure seems less confused.
The gnoll hits you from afar with a +0 spear.
* * * LOW HITPOINT WARNING * * *
The lemure hits you.
* * * LOW HITPOINT WARNING * * *
An orc warrior comes into view. It is wielding a +0 broad axe.
As you read the scroll labelled ZEF OMUIRPHEWN, it crumbles to dust.
You feel strangely unstable.
It was a scroll of teleportation.
The gnoll hits you from afar with a +0 spear!
* * * LOW HITPOINT WARNING * * *
The lemure hits you.
* * * LOW HITPOINT WARNING * * *
It was a potion of degeneration.
There was something very wrong with that liquid.
You feel weakened.
You feel dopey.
You feel clumsy.
The gnoll hits you from afar with a +0 spear.
You die...

.## #. ..# #. ..#
##.. ..# ....
###.o ##..##.gg#
##....#5..######
........@g......
#######
#...##g########
......# #
#........ #####.#
#g###.###
#z####### #.#
#.#.....# #.#
#.#.....# #.#
#.#.....# #.#
#####.#.)...###.#


You could see an orc warrior, a lemure, a gnoll bouda and 4 gnolls.

Vanquished Creatures
  A wyvern (D:7)
  An ogre (D:7)
  2 phantoms (D:3)
  A wight (D:7)
  Crazy Yiuf (D:3)
  An orc priest (D:2)
  An iguana (D:4)
  Natasha (twice) (D:4)
  An orc wizard (D:3)
  5 adders
  2 worms
  2 dart slugs
  3 orcs (D:3)
  3 ball pythons
  8 endoplasms
  3 giant cockroaches
  6 goblins
  11 hobgoblins
  3 jackals (D:3)
  6 kobolds
  4 quokkas
  7 bats
  3 rats
77 creatures vanquished.

Vanquished Creatures (others)
  A fungus (D:1)
  14 plants (D:2)
15 creatures vanquished.

Grand Total: 92 creatures vanquished

Notes
Turn   | Place    | Note
-------+----------+-------------------------------------------
     0 | D:1      | Ignak the Ogre Hedge Wizard began the quest for the Orb.
     0 | D:1      | Reached XP level 1. HP: 16/16 MP: 5/5
    72 | D:1      | Reached skill level 1 in Translocations
   135 | D:1      | Reached skill level 1 in Conjurations
   135 | D:1      | Reached skill level 1 in Summonings
   226 | D:1      | Reached XP level 2. HP: 26/26 MP: 0/6
   607 | D:1      | Reached XP level 3. HP: 19/32 MP: 2/8
   621 | D:1      | Learned a level 2 spell: Blink
   625 | D:1      | Learned a level 3 spell: Mephitic Cloud
   682 | D:1      | Reached skill level 1 in Fighting
  2228 | D:2      | Got the Secrets of Frostbite
  2231 | D:2      | Learned a level 1 spell: Freeze
  2460 | D:2      | Reached XP level 4. HP: 28/41 MP: 2/9
  3093 | D:3      | Reached skill level 1 in Ice Magic
  3282 | D:3      | Found a runed translucent door.
  3283 | D:3      | Noticed Crazy Yiuf
  3292 | D:3      | HP: 2/41 [Crazy Yiuf/+2 quarterstaff of chaos (11)]
  3319 | D:3      | Killed Crazy Yiuf
  3320 | D:3      | Reached skill level 1 in Axes
  3320 | D:3      | Reached XP level 5. HP: 11/49 MP: 8/10
  3546 | D:3      | Found a hazy altar of Hepliaklqana.
  3759 | D:3      | Found a stormy altar of Qazlal.
  3765 | D:3      | Found a basalt altar of Yredelemnul.
  3765 | D:3      | Found a blossoming altar of Fedhas.
  3985 | D:4      | Noticed Natasha
  4152 | D:4      | Killed Natasha
  4160 | D:4      | Reached XP level 6. HP: 55/57 MP: 11/11
  4186 | D:4      | Reached skill level 1 in Air Magic
  4216 | D:3      | Reached skill level 1 in Armour
  4216 | D:3      | Reached skill level 1 in Unarmed Combat
  4216 | D:3      | Reached skill level 1 in Poison Magic
  4237 | D:4      | Noticed Natasha
  4250 | D:4      | Killed Natasha
  4257 | D:4      | Reached skill level 4 in Spellcasting
  4486 | D:4      | Reached XP level 7. HP: 66/66 MP: 13/13
  4507 | D:4      | You fall into a shaft and drop 3 floors!
  4616 | D:7      | Noticed a wyvern
  4622 | D:7      | Killed a wyvern
  4632 | D:7      | HP: 1/66 [lemure[Pikel] (5)]
  4633 | D:7      | Slain by a gnoll

Illustrated notes

Levels and vault maps discovered:
D:1:      dpeg_cavernosity, layout_basic
D:2:      wad_lake_hut, layout_loops_ring
D:3:      layout_loops_ring, minitemple, nzn_hepliaklqana_mist_gate,
          uniq_crazy_yiuf_cottage
D:4:      layout_gridville, minmay_fractal_squares_diagonal_5, uniq_ijyb,
          uniq_menkaure, uniq_grinder, uniq_natasha
D:7:      layout_basic, minmay_misc_feat_square, uniq_pikel

Skill      XL: |  1  2  3  4  5  6  7 |
---------------+----------------------+-----
Translocations | 1 2 |  2.0
Conjurations   | 1 |  1.9
Summonings     | 1 |  1.4
Fighting       | 1 2 |  2.9
Dodging        | 2 |  2.7
Ice Magic      | 1 2 |  2.5
Axes           | 1 2 |  2.4
Air Magic      | 1 |  1.6
Armour         | 1 |  1.4
Unarmed Combat | 1 |  1.0
Poison Magic   | 1 |  1.6
Stealth        | 2 |  2.1
Spellcasting   | 4 |  4.2
Maces & Flails | |  0.8

Action                   |  1- 3 |  4- 6 |  7- 9 || total
-------------------------+-------+-------+-------++-------
Melee: Dagger            |     6 |       |       ||     6
       Mace              |    97 |     3 |       ||   100
       Punch             |     1 |       |       ||     1
       Hand axe          |       |    31 |       ||    31
       Quarterstaff      |       |    69 |    10 ||    79
Throw: Dart              |       |    12 |       ||    12
 Cast: Magic Dart        |    55 |    20 |       ||    75
       Blink             |     1 |     7 |     1 ||     9
       Mephitic Cloud    |       |    13 |     3 ||    16
       Freeze            |       |     5 |       ||     5
  Use: Scroll            |       |       |     1 ||     1
       Potion            |       |       |     1 ||     1
 Stab: Sleeping          |     3 |     3 |       ||     6
       Confused          |       |     3 |     1 ||     4
Armor: Robe              |    42 |    20 |     1 ||    63
Dodge: Dodged            |    68 |    53 |     4 ||   125

Table legend: (Time is in decaauts)
 A = Elapsed time spent in this place.
 B = Non-inter-level travel time spent in this place.
 C = Inter-level travel time spent in this place.
 D = Time resting spent in this place.
 E = Time spent auto-exploring this place.
 F = Levels seen in this place.
 G = Mean time per level.
                   A        B        C        D        E       F      G
               +--------+--------+--------+--------+--------+-----+--------+
         Total |   4724 |   4524 |    200 |    703 |   2198 |   5 |  944.8 |
       Dungeon |   4724 |   4524 |    200 |    703 |   2198 |   5 |  944.8 |
               +--------+--------+--------+--------+--------+-----+--------+

Top non-repeatable levels by time:
     D:1: 1673 daAuts
     D:3: 1365 daAuts
     D:2: 1323 daAuts
     D:4: 234 daAuts
     D:7: 127 daAuts
